 Dungeon Crawl Stone Soup version 0.24.0-123-gd5b16e6ec5 (webtiles) character file.

Game seed: 15016520709246788981, levelgen mode: deterministic

9853 FishyPogo the Fighter (level 11, -7/90 HPs)
             Began as a Gnoll Skald on Jan 29, 2020.
             Was the Champion of Cheibriados.
             Mangled by a two-headed ogre
             ... wielding a +0 giant club
              (8 damage)
             ... on level 11 of the Dungeon.
             The game lasted 00:38:04 (8403 turns).

FishyPogo the Fighter (Gnoll Skald)                 Turns: 8403, Time: 00:38:05

Health: -7/90      AC: 15    Str: 31    XL:     11   Next: 53%
Magic:  23/23      EV: 20    Int: 31    God:    Cheibriados [******]
Gold:   692        SH:  0    Dex: 34    Spells: 5/26 levels left

rFire    . . .     SeeInvis .   b - +7 spear of Yredelemnul's Hope {elec, Dex+4}
rCold    + . .     Gourm    .   (no shield)
rNeg     . . .     Faith    .   y - +3 scale mail {rC+}
rPois    .         Spirit   .   (no helmet)
rElec    .         Reflect  .   (no cloak)
rCorr    .         Harm     .   t - +2 pair of gloves
MR       .....                  K - +0 pair of boots
Stlth    ++++......             s - amulet of magic regeneration
HPRegen  0.25/turn              E - ring of stealth
MPRegen  0.43/turn              (no ring)

@: about to teleport, studying Fighting, very slow
A: distributed training, fangs 1, strong nose
a: Bend Time, Temporal Distortion, Slouch, Step From Time, Renounce Religion


You were on level 11 of the Dungeon.
You worshipped Cheibriados.
Cheibriados was exalted by your worship.
You were hungry.

You visited 1 branch of the dungeon, and saw 11 of its levels.

You collected 692 gold pieces.

Inventory:

Hand Weapons
 a - a +2 vampiric dagger
 b - the +7 spear of Yredelemnul's Hope (weapon) {elec, Dex+4}
   (You took it off a wight on level 6 of the Dungeon)

   Occasionally, upon striking a foe, it will discharge some electrical energy
   and cause terrible harm.
   It affects your dexterity (+4).
 D - a +6 scimitar
Missiles
 c - 540 stones
 i - 38 poisoned darts (quivered)
 x - 16 boomerangs
 M - a throwing net
Armour
 t - a +2 pair of gloves (worn)
 y - a +3 scale mail of cold resistance (worn)
 K - a +0 pair of boots (worn)
 S - +0 ice dragon scales
Magical Staves
 A - an uncursed staff of poison
Jewellery
 s - an amulet of magic regeneration (around neck)
 w - a +3 amulet of reflection
 E - a ring of stealth (left hand)
 P - an uncursed ring of ice
 Q - an uncursed ring of ice
Wands
 p - a wand of disintegration (15)
 u - a wand of acid (12)
 G - a wand of flame (21)
 L - a wand of polymorph (9)
 R - a wand of iceblast (12)
Scrolls
 f - 6 scrolls of teleportation
 g - 2 scrolls of identify
 h - 3 scrolls of remove curse
 j - 4 scrolls of enchant armour
 m - a scroll of immolation
 n - 3 scrolls of enchant weapon
 o - 3 scrolls of blinking
 C - a scroll of amnesia
 I - a scroll of fog
Potions
 e - a potion of lignification
 k - 8 potions of curing
 l - 2 potions of might
 q - a potion of heal wounds
 r - a potion of brilliance
 z - 4 potions of flight
 B - a potion of mutation
 F - a potion of agility
 H - a potion of cancellation
 J - a potion of ambrosia
 O - a potion of magic
Books
 v - a manual of Fighting
Comestibles
 d - 26 rations


   Skills:
 + Level 9.9 Fighting
 + Level 7.8 Short Blades
 + Level 6.2 Long Blades
 + Level 6.2 Axes
 + Level 6.2 Maces & Flails
 + Level 6.2 Polearms
 + Level 6.2 Staves
 + Level 6.2 Slings
 + Level 6.2 Bows
 + Level 6.2 Crossbows
 + Level 6.2 Throwing
 + Level 6.8 Armour
 + Level 7.8 Dodging
 + Level 6.2 Stealth
 + Level 6.2 Shields
 + Level 6.2 Unarmed Combat
 + Level 8.1 Spellcasting
 + Level 5.2 Conjurations
 + Level 5.2 Hexes
 + Level 7.6 Charms
 + Level 5.2 Summonings
 + Level 5.2 Necromancy
 + Level 5.2 Translocations
 + Level 5.2 Transmutations
 + Level 5.2 Fire Magic
 + Level 5.2 Ice Magic
 + Level 5.2 Air Magic
 + Level 5.2 Earth Magic
 + Level 5.2 Poison Magic
 + Level 6.9 Invocations
 + Level 6.2 Evocations


You had 5 spell levels left.
You knew the following spells:

 Your Spells              Type           Power        Failure   Level  Hunger
h - Regeneration          Chrm/Necr      ######....   1%          3    None
j - Summon Guardian Gole  Hex/Summ       #####...     2%          3    None
k - Call Canine Familiar  Summ           #####...     2%          3    None
l - Summon Lightning Spi  Summ/Air       #####...     9%          4    None
n - Spectral Weapon       Hex/Chrm       ######..     1%          3    None
p - Shroud of Golubria    Chrm/Tloc      ######       1%          2    None
u - Song of Slaying       Chrm           ######..     1%          2    None
y - Infusion              Chrm           ####         1%          1    None

Your spell library contained the following spells:

 Spells                   Type           Power        Failure   Level  Hunger
 Freeze                   Ice            ####         1%          1    None
 Summon Small Mammal      Summ           ####         1%          1    None
 Call Imp                 Summ           #####...     1%          2    None
 Throw Frost              Conj/Ice       #####.       1%          2    None
 Ozocubu's Armour         Chrm/Ice       ######..     1%          3    None
 Ice Form                 Ice/Tmut       #####...     9%          4    None
 Summon Ice Beast         Ice/Summ       #####...     9%          4    None
 Throw Icicle             Conj/Ice       #####...     9%          4    None
 Metabolic Englaciation   Hex/Ice        #####.....   24%         5    ####...
 Bolt of Cold             Conj/Ice       #####.....   78%         6    #####..
 Freezing Cloud           Conj/Ice/Air   #####.....   78%         6    #####..
 Ozocubu's Refrigeration  Ice            #####.....   78%         6    #####..
 Simulacrum               Ice/Necr       #####.....   78%         6    #####..


Dungeon Overview and Level Annotations

Branches:
Dungeon (11/15)            Temple (0/1) D:4            Lair (0/6) D:11
    Orc (0/2) D:10

Altars:
Cheibriados
Hepliaklqana
Makhleb
Okawaru
Qazlal
Ru
Trog
Vehumet
Xom
The Shining One

Shops:
D:6 =   D:8 [   D:9 :

Portals:
Trove: D:10 (give +2 shadow dragon scales)


Innate Abilities, Weirdness & Mutations

Your experience applies equally to all skills.
You have very sharp teeth.
Your uncanny sense of smell can sniff out nearby items.


Message History

Okay, then.
As you read the scroll of identify, it crumbles to dust.
O - a potion of magic The death yak gores you.
The death yak gores you but does no damage.
The two-headed ogre barely misses you. The two-headed ogre misses you.
As you read the scroll of teleportation, it crumbles to dust.
You feel strangely unstable.
A hound comes into view.
The death yak gores you!
* * * LOW HITPOINT WARNING * * *
The hound barks!
The death yak gores you!
* * * LOW HITPOINT WARNING * * *
The death yak gores you but does no damage.
The death yak closely misses you. The death yak gores you!
* * * LOW HITPOINT WARNING * * *
The two-headed ogre completely misses you.
The two-headed ogre hits you with a +1 dire flail of protection!
You die...

.......... ..........
......... .......h.
........###### ####...##
.............#...>.......
........Y....#...........
.>.....YO....#...........
.....r.Y@....#...........
..#...#r.....# ..........
.............# .........
.............#######....#
<........................
.................†.......
........................
........................
######################


You could see 3 death yaks, a two-headed ogre, a hell rat, a hound and a rat.

Vanquished Creatures
  A centaur warrior (D:9)
  An unseen horror (D:10)
  Pikel (D:6)
  An ugly thing (D:11)
  3 rime drakes (D:10)
  2 trolls
  A polar bear (D:10)
  A hippogriff (D:9)
  A wyvern (D:9)
  6 yaks
  2 hogs (D:7)
  A human (D:7)
  Menkaure (D:7)
  2 ice beasts (D:10)
  3 orc warriors (D:8)
  A black bear (D:10)
  4 phantoms
  4 slaves (D:6)
  6 ogres
  7 centaurs
  2 bullfrogs
  A gnoll sergeant (D:10)
  A wyvern zombie (D:11)
  2 scorpions
  5 killer bees
  10 wights
  3 howler monkeys
  An electric eel (D:7)
  4 crimson imps
  A centaur zombie (D:7)
  A bullfrog zombie (D:6)
  3 hounds
  4 bullfrog skeletons
  8 orc priests
  5 iguanas
  A centaur skeleton (D:4)
  6 worker ants
  3 orc wizards
  2 hound skeletons
  A howler monkey zombie (D:6)
  A worker ant zombie (D:5)
  7 gnolls
  14 adders
  2 howler monkey skeletons
  2 shadow imps
  An adder zombie (D:9)
  An ooze (D:1)
  An adder skeleton (D:5)
  2 worms (D:5)
  A dart slug (D:1)
  10 leopard geckos
  62 orcs
  A ball python (D:4)
  5 giant cockroaches
  7 goblins
  6 hobgoblins
  8 jackals
  6 kobolds
  2 quokkas
  2 bats (D:3)
  2 frilled lizards
  A leopard gecko zombie (D:7)
  2 quokka skeletons
  4 rats
263 creatures vanquished.

Vanquished Creatures (collateral kills)
  A hippogriff (D:9)
  4 killer bees (D:10)
  An orc wizard (D:8)
  An orc (D:8)
7 creatures vanquished.

Grand Total: 270 creatures vanquished

Notes
Turn   | Place    | Note
-------+----------+-------------------------------------------
     0 | D:1      | FishyPogo the Gnoll Skald began the quest for the Orb.
     0 | D:1      | Reached XP level 1. HP: 20/20 MP: 6/6
   128 | D:1      | Reached XP level 2. HP: 26/26 MP: 7/7
   367 | D:2      | Found a snail-covered altar of Cheibriados.
   371 | D:2      | Became a worshipper of Cheibriados the Contemplative
   414 | D:1      | Reached XP level 3. HP: 31/31 MP: 9/9
   420 | D:1      | Reached skill level 5 in Spellcasting
   947 | D:2      | Reached skill level 1 in Invocations
   951 | D:2      | Learned a level 2 spell: Song of Slaying
   954 | D:2      | Learned a level 2 spell: Shroud of Golubria
   958 | D:2      | Learned a level 3 spell: Regeneration
   962 | D:2      | Learned a level 3 spell: Spectral Weapon
  1058 | D:2      | Reached skill level 1 in Long Blades
  1058 | D:2      | Reached skill level 1 in Axes
  1058 | D:2      | Reached skill level 1 in Maces & Flails
  1058 | D:2      | Reached skill level 1 in Polearms
  1058 | D:2      | Reached skill level 1 in Staves
  1058 | D:2      | Reached skill level 1 in Slings
  1058 | D:2      | Reached skill level 1 in Bows
  1058 | D:2      | Reached skill level 1 in Crossbows
  1058 | D:2      | Reached skill level 1 in Throwing
  1058 | D:2      | Reached skill level 1 in Stealth
  1058 | D:2      | Reached skill level 1 in Shields
  1058 | D:2      | Reached skill level 1 in Unarmed Combat
  1058 | D:2      | Reached skill level 1 in Evocations
  1058 | D:2      | Reached XP level 4. HP: 33/38 MP: 4/11
  1206 | D:2      | Reached * piety under Cheibriados
  1209 | D:2      | Found an iron altar of Okawaru.
  1454 | D:3      | Reached skill level 1 in Conjurations
  1454 | D:3      | Reached skill level 1 in Hexes
  1454 | D:3      | Reached skill level 1 in Summonings
  1454 | D:3      | Reached skill level 1 in Necromancy
  1454 | D:3      | Reached skill level 1 in Translocations
  1454 | D:3      | Reached skill level 1 in Transmutations
  1454 | D:3      | Reached skill level 1 in Fire Magic
  1454 | D:3      | Reached skill level 1 in Ice Magic
  1454 | D:3      | Reached skill level 1 in Air Magic
  1454 | D:3      | Reached skill level 1 in Earth Magic
  1454 | D:3      | Reached skill level 1 in Poison Magic
  1503 | D:3      | Reached XP level 5. HP: 27/43 MP: 4/12
  1926 | D:3      | Reached ** piety under Cheibriados
  2102 | D:4      | Reached XP level 6. HP: 13/50 MP: 5/13
  2181 | D:3      | Reached skill level 5 in Fighting
  2181 | D:3      | Reached skill level 5 in Short Blades
  2181 | D:3      | Reached skill level 5 in Dodging
  2371 | D:4      | Reached XP level 7. HP: 56/56 MP: 15/15
  2722 | D:4      | Found a staircase to the Ecumenical Temple.
  2814 | D:4      | Reached XP level 8. HP: 64/64 MP: 16/16
  2840 | D:5      | Entered Level 5 of the Dungeon
  2901 | D:5      | Reached *** piety under Cheibriados
  2979 | D:5      | Reached skill level 6 in Fighting
  3168 | D:5      | Found a sparkling altar of Nemelex Xobeh.
  3170 | D:5      | Found an ornate altar of the Wu Jian Council.
  3170 | D:5      | Found a sacrificial altar of Ru.
  3176 | D:5      | Found a shimmering altar of Xom.
  3176 | D:5      | Found a radiant altar of Vehumet.
  3176 | D:5      | Found a stormy altar of Qazlal.
  3323 | D:5      | Found a radiant altar of Vehumet.
  3333 | D:5      | Found a hazy altar of Hepliaklqana.
  3336 | D:5      | Found a sacrificial altar of Ru.
  3849 | D:6      | Identified the +7 spear of Yredelemnul's Hope {elec, Dex+4}
  3880 | D:6      | Reached **** piety under Cheibriados
  3946 | D:6      | Reached XP level 9. HP: 71/71 MP: 18/18
  3978 | D:6      | Found Zeusomna's Jewellery Shoppe.
  4369 | D:6      | Noticed Pikel
  4386 | D:6      | Killed Pikel
  4386 | D:6      | Reached skill level 7 in Fighting
  4393 | D:6      | Found a bloodstained altar of Trog.
  4460 | D:6      | Reached skill level 5 in Armour
  4514 | D:7      | Learned a level 3 spell: Call Canine Familiar
  4518 | D:7      | Learned a level 3 spell: Summon Guardian Golem
  4523 | D:7      | Learned a level 4 spell: Summon Lightning Spire
  4539 | D:7      | Reached skill level 5 in Invocations
  4641 | D:7      | Reached skill level 8 in Fighting
  4641 | D:7      | Reached XP level 10. HP: 52/80 MP: 16/20
  4657 | D:7      | Reached ***** piety under Cheibriados
  4672 | D:7      | Found a burning altar of Makhleb.
  4782 | D:7      | Noticed Menkaure
  4788 | D:7      | Killed Menkaure
  5355 | D:7      | Identified a scroll of acquirement
  5494 | D:8      | Found Xoaf's Armour Boutique.
  5640 | D:8      | Reached skill level 5 in Long Blades
  5640 | D:8      | Reached skill level 5 in Axes
  5640 | D:8      | Reached skill level 5 in Maces & Flails
  5640 | D:8      | Reached skill level 5 in Polearms
  5640 | D:8      | Reached skill level 5 in Staves
  5640 | D:8      | Reached skill level 5 in Slings
  5640 | D:8      | Reached skill level 5 in Bows
  5640 | D:8      | Reached skill level 5 in Crossbows
  5640 | D:8      | Reached skill level 5 in Throwing
  5640 | D:8      | Reached skill level 5 in Stealth
  5640 | D:8      | Reached skill level 5 in Shields
  5640 | D:8      | Reached skill level 5 in Unarmed Combat
  5640 | D:8      | Reached skill level 5 in Evocations
  6585 | D:9      | Found a stormy altar of Qazlal.
  6672 | D:9      | Found Cusaduod's Book Shoppe.
  6687 | D:9      | Noticed a centaur warrior
  6703 | D:9      | Killed a centaur warrior
  6703 | D:9      | Reached skill level 9 in Fighting
  7001 | D:9      | Found a glowing golden altar of the Shining One.
  7166 | D:10     | Entered Level 10 of the Dungeon
  7170 | D:10     | Found a portal to a secret trove of treasure.
  7176 | D:10     | Reached ****** piety under Cheibriados
  7333 | D:10     | Reached XP level 11. HP: 74/89 MP: 13/22
  7425 | D:10     | Found a staircase to the Orcish Mines.
  7774 | D:10     | Killed an unseen horror
  7939 | D:10     | Reached skill level 5 in Conjurations
  7939 | D:10     | Reached skill level 5 in Hexes
  7939 | D:10     | Reached skill level 5 in Summonings
  7939 | D:10     | Reached skill level 5 in Necromancy
  7939 | D:10     | Reached skill level 5 in Translocations
  7939 | D:10     | Reached skill level 5 in Transmutations
  7939 | D:10     | Reached skill level 5 in Fire Magic
  7939 | D:10     | Reached skill level 5 in Ice Magic
  7939 | D:10     | Reached skill level 5 in Air Magic
  7939 | D:10     | Reached skill level 5 in Earth Magic
  7939 | D:10     | Reached skill level 5 in Poison Magic
  8374 | D:11     | Noticed a cyan ugly thing
  8385 | D:11     | Killed a cyan ugly thing
  8392 | D:11     | Noticed a death yak
  8394 | D:11     | Noticed a death yak
  8394 | D:11     | Noticed a two-headed ogre
  8395 | D:11     | Found a staircase to the Lair.
  8396 | D:11     | Noticed a death yak
  8403 | D:11     | HP: 1/90 [death yak (12)]
  8403 | D:11     | Mangled by a two-headed ogre

Levels and vault maps discovered:
D:1:      dpeg_arrival_signposts, layout_rooms, minmay_misc_feat_encased,
          grunt_decor_resistance
D:2:      layout_rooms, lemuel_crystal_altar, okawaru_altar_gauntlet_db
D:3:      layout_basic, first_ration, nrook_campfire,
          chequers_serial_rivers_small_a, kennysheep_nondescript,
          hangedman_decor_points
D:4:      layout_gridville, lemuel_temple_firewalk_b,
          chequers_serial_rivers_micro_c, kennysheep_cluttered_room,
          minmay_manual_mail
D:5:      layout_basic, doesnt_xom_only_xom,
          chequers_temple_overflow_statue_of_worship, st_stairs_11,
          kennysheep_pointless_box
D:6:      layout_cave_pods, nicolae_overflow_hidden_temple, serial_shops, shop,
          uniq_pikel
D:7:      layout_basic, old_standard_altar, grunt_livestock, water_maze_lemuel,
          uniq_menkaure
D:8:      layout_loops_corners, special_room [special_room_orc], serial_shops,
          shop
D:9:      layout_basic, kennysheep_mini_moat, old_standard_altar, serial_shops,
          kennysheep_mini
D:10:     minmay_coctagon, layout_layer_cave, orc_0_dummy, enter_trove_0
D:11:     layout_grid_maze, dpeg_lair_monsters, serial_shops, shop_statue,
          minmay_misc_feat_square, uniq_erolcha

Skill      XL: |  1  2  3  4  5  6  7  8  9 10 11 |
---------------+----------------------------------+-----
Spellcasting   | 5 6 7 8 |  8.1
Invocations    | 1 2 3 4 5 6 |  6.9
Long Blades    | 1 2 3 4 5 6 |  6.2
Axes           | 1 2 3 4 5 6 |  6.2
Maces & Flails | 1 2 3 4 5 6 |  6.2
Polearms       | 1 2 3 4 5 6 |  6.2
Staves         | 1 2 3 4 5 6 |  6.2
Slings         | 1 2 3 4 5 6 |  6.2
Bows           | 1 2 3 4 5 6 |  6.2
Crossbows      | 1 2 3 4 5 6 |  6.2
Throwing       | 1 2 3 4 5 6 |  6.2
Stealth        | 1 2 3 4 5 6 |  6.2
Shields        | 1 2 3 4 5 6 |  6.2
Unarmed Combat | 1 2 3 4 5 6 |  6.2
Evocations     | 1 2 3 4 5 6 |  6.2
Conjurations   | 1 2 3 4 5 |  5.2
Hexes          | 1 2 3 4 5 |  5.2
Summonings     | 1 2 3 4 5 |  5.2
Necromancy     | 1 2 3 4 5 |  5.2
Translocations | 1 2 3 4 5 |  5.2
Transmutations | 1 2 3 4 5 |  5.2
Fire Magic     | 1 2 3 4 5 |  5.2
Ice Magic      | 1 2 3 4 5 |  5.2
Air Magic      | 1 2 3 4 5 |  5.2
Earth Magic    | 1 2 3 4 5 |  5.2
Poison Magic   | 1 2 3 4 5 |  5.2
Armour         | 3 4 5 6 |  6.8
Fighting       | 5 6 8 9 |  9.9
Short Blades   | 5 6 7 |  7.8
Dodging        | 5 6 7 |  7.8
Charms         | 6 7 |  7.6

Action                   |  1- 3 |  4- 6 |  7- 9 | 10-12 || total
-------------------------+-------+-------+-------+-------++-------
Melee: Short sword       |    93 |   194 |   222 |       ||   509
       Bite              |     7 |    25 |    67 |    28 ||   127
       Punch             |       |       |     9 |     6 ||    15
       Falchion          |       |       |    37 |       ||    37
       Spear             |       |       |    91 |   248 ||   339
Throw: Stone             |       |    19 |     1 |       ||    20
       Dart              |       |     9 |    14 |    15 ||    38
       Boomerang         |       |       |     5 |     2 ||     7
 Cast: Shroud of Golubri |     2 |    11 |    20 |    25 ||    58
       Spectral Weapon   |     2 |     4 |     6 |    18 ||    30
       Infusion          |     1 |     3 |     4 |     6 ||    14
       Regeneration      |       |    10 |    10 |     8 ||    28
       Song of Slaying   |       |     3 |     1 |     3 ||     7
       Summon Lightning  |       |       |       |     3 ||     3
       Call Canine Famil |       |       |       |     3 ||     3
       Summon Guardian G |       |       |       |     1 ||     1
Invok: Bend Time         |       |       |       |     1 ||     1
  Use: Potion            |       |     1 |       |     2 ||     3
       Scroll            |       |       |       |    26 ||    26
 Stab: Sleeping          |       |     1 |     3 |    10 ||    14
       Distracted        |       |       |     2 |     4 ||     6
  Eat: Chunk             |     1 |     4 |     5 |     7 ||    17
Armor: Leather armour    |    19 |    17 |       |       ||    36
       Scale mail        |       |    31 |    51 |    55 ||   137
       Skin              |       |       |       |     1 ||     1
Dodge: Dodged            |    48 |   139 |   203 |   181 ||   571
       Rpst.: Falchion   |       |       |    10 |       ||    10
